 Dungeon Crawl Stone Soup version 0.30.1-4-g462c640d31 (webtiles) character file.

Game seed: 12658122451357217971

1121 spardeous the Conjurer (level 7, -3/43 (50) HPs)
             Began as a Demigod Conjurer on Aug 11, 2023.
             Slain by a wight
             ... wielding a +0 great sword
              (21 damage)
             ... on level 4 of the Dungeon.
             The game lasted 00:08:23 (6047 turns).

spardeous the Conjurer (Demigod Conjurer)           Turns: 6047, Time: 00:08:24

HP:   -3/43 (50)    AC:  3    Str: 12    XL:     7   Next: 88%
MP:   1/16          EV: 12    Int: 24    God:
Gold: 131           SH:  0    Dex: 12    Spells: 7/14 levels left

rFire   . . .        k - +1 dagger (venom)
rCold   . . .        (no shield)
rNeg    . . .        a - +0 robe
rPois   .            e - +0 helmet
rElec   .            (no cloak)
rCorr   .            (no gloves)
SInv    .            (no boots)
Will    .....        (no amulet)
Stlth   ++           o - ring of wizardry
HPRegen 0.27/turn    (no ring)
MPRegen 0.15/turn

%: wizardry (x1)
@: heavily drained
A: high MP 1, forlorn, divine attributes
a: no special abilities


You were on level 4 of the Dungeon.
You visited 1 branch of the dungeon, and saw 4 of its levels.

You collected 131 gold pieces.

Inventory:

Hand Weapons
 k - a +1 dagger of venom (weapon)
Armour
 a - a +0 robe (worn)
 e - a +0 helmet (worn)
Jewellery
 o - a ring of wizardry (left hand)
Wands
 t - a wand of roots (2)
Scrolls
 f - 5 scrolls of identify {unknown}
 g - 3 scrolls of enchant armour {unknown}
 h - 2 scrolls of vulnerability {unknown}
 i - 3 scrolls of teleportation {unknown}
 j - a scroll of immolation {unknown}
 l - a scroll of enchant weapon {unknown}
 p - 2 scrolls of fear {unknown}
 q - a scroll of acquirement {unknown}
 u - a scroll of butterflies {unknown}
 w - a scroll of poison {unknown}
Potions
 b - a potion of magic
 c - 3 potions of haste {unknown}
 d - 2 potions of curing {unknown}
 m - a potion of cancellation {unknown}
 n - a potion of heal wounds {unknown}
 r - 2 potions of lignification {unknown}
 s - a potion of degeneration {unknown}
 v - a potion of berserk rage {unknown}


   Skills:
 - Level 1.7 Dodging
 - Level 1.7 Stealth
 - Level 4.0 Spellcasting
 + Level 7.2 Conjurations
 + Level 4.5 Translocations


You had 7 spell levels left.
You knew the following spells:

 Your Spells              Type           Power      Damage    Failure   Level
a - Magic Dart            Conj           100%       1d8       1%          1
b - Searing Ray           Conj           78%        2d7       1%          2
c - Iskenderun's Mystic   Conj/Tloc      33%        2d8       3%          4

Your spell library contained the following spells:

 Spells                   Type           Power      Damage    Failure   Level
 Foxfire                  Conj/Fire      88%        2x1d8     1%          1
 Dazzling Flash           Conj/Hex       44%        N/A       2%          3
 Beastly Appendage        Tmut           8%         N/A       4%          1
 Ensorcelled Hibernation  Hex/Ice        8%         N/A       6%          2
 Passwall                 Tmut/Erth      3%         N/A       6%          2
 Wereblood                Tmut           4%         N/A       6%          2
 Fulminant Prism          Conj/Hex       11%        3d9       9%          4
 Spider Form              Tmut/Pois      4%         N/A       12%         3
 Swiftness                Air            4%         N/A       12%         3


Dungeon Overview and Level Annotations

Branches:
Dungeon (4/15)
 Temple: D:4-7

Annotations:
D:4 2 runed translucent doors


Innate Abilities, Weirdness & Mutations

You have an increased reservoir of magic. (+10% MP)
You shall have no god before yourself.
Your divine heritage dramatically boosts your attributes as you level up.


Message History

The wight hits you with a +0 great sword!
You feel drained.
Things that are here:
a +2 mace of protection; a +0 leather armour You take 13 damage, and have 37/48 hp.
MASSIVE DAMAGE!!
You see here the +5 rapier "Riraerch" {venom, rC- Dex+4}.
Casting: Iskenderun's Mystic Blast (dangerous; 3% risk of failure)
Confirm with . or Enter, or press ? or * to list all spells.
Aiming: Searing Ray (safe; 1% risk of failure)
Press: ? - help, Shift-Dir - straight line, f - wight
Aim: a wight, wielding a +0 great sword and wearing a +0 robe (moderately damaged, 81% to hit)
Okay, then.
Okay, then.
You barely miss the wight.
The wight is moderately damaged.
The wight hits you with a +0 great sword.
You feel drained.
You take 5 damage, and have 34/46 hp.
You hit the wight but do no damage.
The wight is moderately damaged.
The wight hits you with a +0 great sword.
You feel drained.
You take 6 damage, and have 28/45 hp.
You barely miss the wight.
The wight is moderately damaged.
The wight hits you with a +0 great sword!
* * * LOW HITPOINT WARNING * * *
You feel drained.
* * * LOW HITPOINT WARNING * * *
You take 11 damage, and have 17/43 hp.
MASSIVE DAMAGE!!
Casting: Searing Ray (safe; 1% risk of failure)
Confirm with . or Enter, or press ? or * to list all spells.
Aiming: Searing Ray (safe; 1% risk of failure)
Press: ? - help, Shift-Dir - straight line, f - wight
Aim: a wight, wielding a +0 great sword and wearing a +0 robe (moderately damaged, 81% to hit)
The searing ray hits the wight.
The wight is heavily damaged. (Press . to maintain the ray.)
The wight hits you with a +0 great sword!!
You die...

~≈#≈B≈#≈†#....#8....8#..##≈...§#≈
~≈#≈~≈#≈~#....'......+..##§≈≈§§#≈
~~##~...~#....'......+..###⌠#⌠##§
.~###..~##....#8....8#..#######≈§
~##.######..#.##8)$8##..#........
....# #.....[######............
....# #..###'# #'###.......>
....# #.##...######.#.##.......
....# #.#.#.##@##}##.#.#.......
....#####.#.##.#z##..###.#.......
'##.......#.#)##.####..#.#.......
..#.......#.###..##(##.#.#.......
..#.......##)...####.†.†##.......
..#........######..######.......#
..#.............................#
..#.......#.......##...##........
..#.......#.......+..............


You could see a wight.

Vanquished Creatures
  Sigmund (D:4)
  An acid dragon (D:4)
  A water moccasin (D:4)
  A black bear (D:4)
  Blork the orc (D:4)
  A bullfrog (D:4)
  2 scorpions (D:4)
  An orc priest (D:3)
  A hound (D:4)
  An iguana (D:3)
  7 orc wizards (D:3)
  4 adders
  3 gnolls (D:4)
  A shadow imp (D:4)
  2 worms (D:3)
  4 dart slugs
  8 orcs
  8 ball pythons
  6 endoplasms
  9 giant cockroaches
  5 hobgoblins
  13 jackals
  6 quokkas
  3 bats
  2 frilled lizards (D:2)
  3 goblins
  5 kobolds
  7 rats
107 creatures vanquished.

Notes
Turn   | Place    | Note
-------+----------+-------------------------------------------
     0 | D:1      | spardeous the Demigod Conjurer began the quest for the Orb.
     0 | D:1      | Reached XP level 1. HP: 14/14 MP: 5/5
   328 | D:1      | Reached XP level 2. HP: 15/20 MP: 0/7
   522 | D:1      | Reached skill level 4 in Conjurations
   861 | D:1      | Reached XP level 3. HP: 26/26 MP: 4/9
  1255 | D:2      | Learned a level 2 spell: Searing Ray
  2414 | D:3      | Reached XP level 4. HP: 33/33 MP: 1/11
  2765 | D:3      | Reached skill level 5 in Conjurations
  2765 | D:3      | Reached XP level 5. HP: 20/38 MP: 7/13
  3466 | D:3      | Got Vehumet's Vellum of the Impact
  3499 | D:3      | Learned a level 4 spell: Iskenderun's Mystic Blast
  4013 | D:4      | Noticed Sigmund
  4137 | D:4      | Killed Sigmund
  4138 | D:4      | Reached XP level 6. HP: 38/45 MP: 7/15
  4213 | D:4      | Reached skill level 6 in Conjurations
  4260 | D:4      | Noticed a water moccasin
  4271 | D:4      | Killed a water moccasin
  4272 | D:4      | Reached XP level 7. HP: 36/50 MP: 3/16
  4589 | D:4      | Noticed Blork the orc
  4594 | D:4      | Killed Blork the orc
  4963 | D:4      | Found a large runed translucent door.
  5060 | D:4      | Found a large runed translucent door.
  5222 | D:4      | Identified the +5 rapier "Riraerch" {venom, rC- Dex+4}
  5384 | D:4      | Found a large runed translucent door.
  5386 | D:4      | Found a large runed translucent door.
  5464 | D:4      | Reached skill level 7 in Conjurations
  6047 | D:4      | Slain by a wight

Illustrated notes

Levels and vault maps discovered:
D:1:      mrwooster_arrival_statue_3, layout_loops_ring, minmay_surrounded
D:2:      layout_basic
D:3:      layout_loops_corners, palyth_temple_overflow_mages,
          hellmonk_ecumenical_altar_prayer_group
D:4:      layout_gridville, lightli_temple_of_fire, gup_sewer_entry_pipe,
          chequers_big_river, palyth_stone_intersect,
          minmay_hollow_rounded_squares, uniq_sigmund, uniq_blork_the_orc

Skill      XL: |  1  2  3  4  5  6  7 |
---------------+----------------------+-----
Spellcasting   | 2 3 4 |  4.0
Conjurations   | 4 5 6 7 |  7.2
Translocations | 2 4 |  4.5
Dodging        | |  1.7
Stealth        | |  1.7

Action                     |  1- 3 |  4- 6 |  7- 9 || total
---------------------------+-------+-------+-------++-------
  Melee: Unarmed           |    35 |       |       ||    35
         Punch             |     1 |       |       ||     1
         Dagger            |       |     1 |     4 ||     5
   Cast: Magic Dart        |    91 |    62 |    28 ||   181
         Searing Ray       |     1 |    14 |    19 ||    34
         Iskenderun's Myst |       |     2 |     5 ||     7
 Armour: Robe              |    32 |     8 |     9 ||    49
  Dodge: Dodged            |    68 |    15 |    35 ||   118
